 Dungeon Crawl Stone Soup version 0.30-a0-210-g01b79a254e (webtiles) character file.

Game seed: 12467762984803829951

105 IdlyInterested the Cutter (level 4, -7/34 HPs)
             Began as a Demonspawn Gladiator on Oct 4, 2022.
             Mangled by an orc
             ... wielding a +0 dagger of electrocution
              (14 damage)
             ... on level 4 of the Dungeon.
             The game lasted 00:06:34 (2678 turns).

IdlyInterested the Cutter (Demonspawn Gladiator)    Turns: 2678, Time: 00:06:35

Health: -7/34      AC:  8    Str: 14    XL:     4   Next: 54%
Magic:  4/4        EV:  7    Int: 18    God:
Gold:   235        SH: 11    Dex: 15    Spells: 2/3 levels left

rFire   . . .      SeeInvis +    f - +5 rapier "Uxuachang" {vorpal, +Blink Int+7 SInv}
rCold   . . .      Faith    .    q - +0 tower shield
rNeg    . . .      Spirit   .    h - +0 ring mail
rPois   .          Reflect  .    c - +0 helmet
rElec   .          Harm     .    i - +0 cloak
rCorr   .          Rampage  .    j - +0 pair of gloves
Will    .....                    (no boots)
Stlth   ++........               (no amulet)
HPRegen 0.25/turn                p - ring of wizardry
MPRegen 0.09/turn                (no ring)

@: brilliant
A: powered by pain 1, demonic magic 2
a: Evoke Blink


You were on level 4 of the Dungeon.
You visited 1 branch of the dungeon, and saw 4 of its levels.

You collected 235 gold pieces.

Inventory:

Hand Weapons
 a - a +0 rapier
 f - the +5 rapier "Uxuachang" (weapon) {vorpal, +Blink Int+7 SInv}
   (You acquired it on level 3 of the Dungeon)

   It inflicts extra damage upon your enemies.
   Int:       It affects your intelligence (+7).
   SInv:      It lets you see invisible.
   +Blink:    It lets you blink.
 g - a +0 dagger
Missiles
 d - 3 throwing nets (quivered)
 e - a javelin
Armour
 b - a +0 leather armour
 c - a +0 helmet (worn)
 h - a +0 ring mail (worn)
 i - a +0 cloak (worn)
 j - a +0 pair of gloves (worn)
 q - a +0 tower shield (worn)
Jewellery
 p - a ring of wizardry (left hand)
Wands
 u - a wand of mindburst (18)
Scrolls
 n - a scroll of vulnerability {unknown}
 s - a scroll of teleportation {unknown}
Potions
 k - a potion of brilliance
 l - a potion of haste {unknown}
 m - 2 potions of curing {unknown}
 o - a potion of magic {unknown}
 r - a potion of mutation
 t - 2 potions of heal wounds {unknown}


   Skills:
 + Level 2.7 Fighting
 * Level 3.6 Short Blades
 - Level 1.7 Throwing
 - Level 2.6 Dodging
 * Level 2.6 Stealth


You had 2 spell levels left.
You knew the following spells:

 Your Spells              Type           Power      Damage    Failure   Level
a - Sting                 Tmut/Pois      0%         1d3       96%         1

Your spell library contained the following spells:

 Spells                   Type           Power      Damage    Failure   Level
 Poisonous Vapours        Pois/Air       0%         N/A       99%         2
 Ozocubu's Armour         Ice            0%         N/A       100%        3
 Olgreb's Toxic Radiance  Pois           0%         N/A       100%        4
 Summon Lightning Spire   Summ/Air       0%         N/A       100%        4
 Metabolic Englaciation   Hex/Ice        0%         N/A       100%        5
 Simulacrum               Ice/Necr       0%         N/A       100%        6
 Storm Form               Tmut/Air       0%         N/A       100%        7
 Maxwell's Capacitive Co  Air            0%         ∞         100%        8


Dungeon Overview and Level Annotations

Branches:
Dungeon (4/15)             Temple (0/1) D:4

Altars:
Trog
Vehumet

Shops:
D:1 (


Innate Abilities, Weirdness & Mutations

You sometimes gain a little power by taking damage.
Spells you cast may paralyse nearby enemies.


Message History

You climb downwards.
Found a twisted bone wand.
There is a stone staircase leading up here.
u - a wand of mindburst (18)
There is a stone staircase leading up here.
You climb upwards.
There is a stone staircase leading down here.
There is a stone staircase leading down here.
You climb downwards.
A sourceless malevolence fills the Dungeon... and a teleportation trap spontaneously manifests!
You are yanked towards some nearby monsters!
Your surroundings suddenly seem different. 3 orcs come into view.
An orc is wielding a +0 dagger of electrocution.
Found 3 curare-tipped darts.
Found a radiant altar of Vehumet.
The orc moves out of view.
An adder comes into view.
The teleport trap disappears.
The orc disappears!
The orc shouts! x2; You hear a shout!
An orc wizard comes into view. It is wielding a +0 dagger.
Found an Inescapable Atlas.
The orc attacks as you move away! The orc hits you but does no damage.
You block the orc's attack.
You see here 3 curare-tipped darts.
You hit the orc but do no damage.
The orc wizard hits you but does no damage.
You block the orc's attack. x2
You barely miss the orc.
The orc wizard gestures wildly while chanting.
The orc wizard flickers and vanishes for a moment.
You block the orc's attack. The orc hits you with a +0 morningstar!
The orc hits you but does no damage.
You are electrocuted!!
Ouch! That really hurt!
* * * LOW HITPOINT WARNING * * *
The orc wizard closely misses you. You block the orc's attack.
It was a potion of brilliance.
You feel clever all of a sudden. You block the orc wizard's attack.
The orc hits you but does no damage.
You are electrocuted!
You die...

#.##.###
###.#....###
..........S
#.#....#
#######......#
#............#
..####.####..#
#:......# ##
#.@o....#
#.oo....#
#..._...^..
#.......#..
#.......#...
#.......# ..
#########


You could see an orc wizard (invisible) and 2 orcs.

Vanquished Creatures
  An orc wizard (D:3)
  2 adders
  An ufetubus (D:3)
  3 worms
  A dart slug (D:1)
  3 orcs (D:3)
  4 bats
  6 endoplasms
  3 goblins
  3 quokkas
  6 ball pythons
  3 frilled lizards
  4 kobolds
  6 rats
46 creatures vanquished.

Notes
Turn   | Place    | Note
-------+----------+-------------------------------------------
     0 | D:1      | IdlyInterested the Demonspawn Gladiator began the quest for
                  | the Orb.
     0 | D:1      | Reached XP level 1. HP: 16/16 MP: 1/1
    62 | D:1      | Found Wemoell's Antique Weapon Boutique.
   176 | D:1      | Gained mutation: Spells you cast may paralyse adjacent
                  | enemies. [demonic ancestry]
   176 | D:1      | Reached XP level 2. HP: 16/22 MP: 2/2
   182 | D:1      | Reached skill level 1 in Stealth
   318 | D:1      | Reached skill level 3 in Short Blades
   433 | D:1      | Found a faded altar of an unknown god.
  1032 | D:2      | Found a bloodstained altar of Trog.
  1233 | D:2      | Gained mutation: Spells you cast may paralyse nearby
                  | enemies. [demonic ancestry]
  1233 | D:2      | Reached XP level 3. HP: 19/28 MP: 3/3
  1773 | D:2      | Learned a level 1 spell: Sting
  1859 | D:3      | Identified a scroll of acquirement
  1859 | D:3      | Acquired the +5 rapier "Uxuachang" {vorpal, +Blink Int+7
                  | SInv}
  1992 | D:3      | Gained mutation: You sometimes gain a little power by
                  | taking damage. [demonic ancestry]
  1992 | D:3      | Reached XP level 4. HP: 33/34 MP: 4/4
  2668 | D:4      | Found a staircase to the Ecumenical Temple.
  2668 | D:4      | Found a radiant altar of Vehumet.
  2678 | D:4      | Mangled by an orc

Illustrated notes

Levels and vault maps discovered:
D:1:      giann_forest_graveyard, layout_basic, serial_shops, shop,
          shapermc_ecumenical_altar_flowoftime
D:2:      layout_rooms, basic_altar
D:3:      layout_loops_ring
D:4:      layout_loops_corners, lemuel_tele_altar, temple_fountains,
          minmay_large_rounded_square

Skill      XL: |  1  2  3 |
---------------+----------+-----
Stealth        | 1 2 |  2.6
Short Blades   | 3 |  3.6
Fighting       | |  2.7
Throwing       | |  1.7
Dodging        | |  2.6

Action                   |  1- 3 |  4- 6 || total
-------------------------+-------+-------++-------
Melee: Rapier            |   129 |    30 ||   159
       Punch             |     2 |       ||     2
  Use: Scroll            |     4 |       ||     4
       Potion            |       |     1 ||     1
 Stab: Sleeping          |     1 |     2 ||     3
Armor: Leather armour    |     6 |       ||     6
       Ring mail         |    46 |    30 ||    76
Dodge: Dodged            |    57 |    13 ||    70
Block: Tower shield      |    28 |    31 ||    59

Table legend: (Time is in decaauts)
 A = Elapsed time spent in this place.
 B = Non-inter-level travel time spent in this place.
 C = Inter-level travel time spent in this place.
 D = Time resting spent in this place.
 E = Time spent auto-exploring this place.
 F = Levels seen in this place.
 G = Mean time per level.
                   A        B        C        D        E       F      G
               +--------+--------+--------+--------+--------+-----+--------+
         Total |   2727 |   2246 |    481 |    154 |   1415 |   4 |  681.8 |
       Dungeon |   2727 |   2246 |    481 |    154 |   1415 |   4 |  681.8 |
               +--------+--------+--------+--------+--------+-----+--------+

Top non-repeatable levels by time:
     D:1: 1199 daAuts
     D:3: 838 daAuts
     D:2: 670 daAuts
     D:4: 19 daAuts
